 Dungeon Crawl Stone Soup version 0.29.1-1-gd02db6906a (webtiles) character file.

Game seed: 14944712351407802183

4 Ghostare the Firebug (level 1, 0/14 HPs)
             Began as a Draconian Fire Elementalist on Sept 26, 2022.
             Slain by a ball python (3 damage)
             ... on level 1 of the Dungeon.
             The game lasted 00:05:13 (610 turns).

Ghostare the Firebug (Draconian Fire Elementalist)   Turns: 610, Time: 00:05:13

Health: 0/14       AC:  4    Str: 10    XL:     1   Next: 58%
Magic:  0/3        EV:  9    Int: 15    God:
Gold:   17         SH:  0    Dex: 11    Spells: 3/4 levels left

rFire   . . .      SeeInvis .   (no weapon)
rCold   . . .      Faith    .   (no shield)
rNeg    . . .      Spirit   .   (body armour unavailable)
rPois   .          Reflect  .   (helmet restricted)
rElec   .          Harm     .   (no cloak)
rCorr   .          Rampage  .   (no gloves)
Will    .....                   (no boots)
Stlth   ++........              (no amulet)
HPRegen 0.04/turn               (no ring)
MPRegen 0.08/turn               (no ring)

@: very slightly contaminated, constricted
A: AC +4, unfitting armour, cold-blooded
a: no special abilities


You were on level 1 of the Dungeon.
You visited 1 branch of the dungeon, and saw 1 of its levels.

You collected 17 gold pieces.

Inventory:

Potions
 a - a potion of magic
 b - a potion of heal wounds {unknown}


   Skills:
 + Level 1.8 Dodging
 + Level 1.7 Stealth
 + Level 2.0 Spellcasting
 + Level 1.0 Conjurations
 + Level 3.2 Fire Magic


You had 3 spell levels left.
You knew the following spells:

 Your Spells              Type           Power      Damage    Failure   Level
a - Foxfire               Conj/Fire      28%        2x1d5     10%         1

Your spell library contained the following spells:

 Spells                   Type           Power      Damage    Failure   Level
 Scorch                   Fire           22%        2d6       9%          2
 Conjure Flame            Conj/Fire      7%         6-21      28%         3
 Inner Flame              Hex/Fire       6%         N/A       34%         3
 Flame Wave               Conj/Fire      7%         2d5       67%         4


Dungeon Overview and Level Annotations

Branches:
Dungeon (1/15)

Altars:


Innate Abilities, Weirdness & Mutations

Your plain brown scales are hard. (AC +4)
You cannot fit into any form of body armour.
You are cold-blooded and may be slowed by cold attacks.


Message History

The bat barely misses you. The ball python bites you.
The ball python constricts you. The kobold hits you with a +0 dagger.
Casting: Foxfire (safe; 10% risk of failure)
Confirm with . or Enter, or press ? or * to list all spells.
You miscast Foxfire.
You are very lightly contaminated with residual magic.
Nothing appears to happen.
The bat hits you but does no damage. The ball python barely misses you.
The ball python constricts you. The kobold hits you but does no damage.
You hit the kobold.
Your tail-slap misses the kobold.
The kobold is heavily wounded.
The ball python bites you but does no damage.
The ball python constricts you. The bat hits you but does no damage.
The bat closely misses you. The kobold barely misses you.
The ball python bites you but does no damage.
The ball python constricts you.
You barely miss the kobold.
Your tail-slap misses the kobold.
The kobold is heavily wounded.
The bat hits you but does no damage. The ball python bites you.
The ball python constricts you. The kobold closely misses you.
You barely miss the kobold.
The kobold is heavily wounded.
The bat barely misses you.
The ball python bites you but does no damage.
The ball python constricts you. The kobold hits you with a +0 dagger.
* * * LOW HITPOINT WARNING * * *
You barely miss the kobold.
The kobold is heavily wounded.
The ball python bites you but does no damage.
The ball python constricts you. The kobold closely misses you.
The bat barely misses you.
You closely miss the kobold. You tail-slap the kobold.
The kobold is severely wounded.
The bat misses you.
The ball python bites you but does no damage.
The ball python constricts you. The kobold barely misses you.
You hit the kobold.
You kill the kobold!
The ball python bites you.
You die...

### ..# #..##
. #.... ###
?.=.... ..##
....#..#...#
...........#
#....@)#
.......bS....#
.............#
..#......#...#
#........$.#.#
....#..#...# #
.#..... ...
#..... ###.


You could see a bat and a ball python.

Vanquished Creatures
  A ball python (D:1)
  An endoplasm (D:1)
  A kobold (D:1)
  2 bats (D:1)
  A frilled lizard (D:1)
6 creatures vanquished.

Vanquished Creatures (others)
  6 foxfires (D:1)
6 creatures vanquished.

Grand Total: 12 creatures vanquished

Notes
Turn   | Place    | Note
-------+----------+-------------------------------------------
     0 | D:1      | Ghostare the Draconian Fire Elementalist began the quest
                  | for the Orb.
     0 | D:1      | Reached XP level 1. HP: 14/14 MP: 3/3
   610 | D:1      | Slain by a ball python

Illustrated notes

Levels and vault maps discovered:
D:1:      dpeg_arrival_fog, layout_loops_ring, shapermc_ecumenical_altar_venn,
          minmay_misc_feat_plants, serial_bayou_pond_e, minmay_pentomino_t2

Action                   || total
-------------------------++-------
Melee: Unarmed           ||    53
       Tailslap          ||     7
 Cast: Foxfire           ||     6
  Use: Scroll            ||     2
Armor: Skin              ||    71
Dodge: Dodged            ||    99
